 Dungeon Crawl Stone Soup version 0.18.1-50-g88ac8fd (webtiles) character file.

129 rakedos987 the Skirmisher (level 4, -9/37 HPs)
             Began as a Demonspawn Chaos Knight on Sept 17, 2016.
             Mangled by a shadow (12 damage)
             ... summoned by the capriciousness of Xom
             ... on level 4 of the Dungeon on Sept 18, 2016.
             The game lasted 01:04:48 (3850 turns).

rakedos987 the Skirmisher (Demonspawn Chaos Knight) Turns: 3850, Time: 01:04:49

Health: -9/37      AC:  5    Str: 14    XL:     4   Next: 88%
Magic:  4/4        EV: 11    Int: 13    God:    Xom [.....*]
Gold:   179        SH:  0    Dex: 12    Spells: 0 memorised, 3 levels left

rFire  . . .     SeeInvis .     b - +0 battleaxe
rCold  . . .     Gourm    .     j - +0 ring mail
rNeg   . . .     Faith    .     (shield currently unavailable)
rPois  .         Spirit   .     (helmet restricted)
rElec  .         Dismiss  .     (no cloak)
rCorr  .         Reflect  .     (no gloves)
SustAt .         Harm     .     (no boots)
MR     .....                    (no amulet)
Stlth  ++........               (no ring)
                                (no ring)

@: not resistant to hostile enchantments, unstealthy
A: horns 1, nightstalker 1, rot immunity
a: Renounce Religion


You were on level 4 of the Dungeon.
You worshipped Xom.
You were Xom's teddy bear.
You were not hungry.

You visited 1 branch of the dungeon, and saw 4 of its levels.

You collected 179 gold pieces.

Inventory:

Hand Weapons
 a - a +0 falchion of chaos
 b - a +0 battleaxe (weapon)
 r - a +0 hunting sling
Missiles
 s - 184 stones (quivered)
Armour
 j - a +0 ring mail (worn)
Wands
 x - a wand of digging (24/24)
Scrolls
 h - 2 scrolls of remove curse
 o - 5 scrolls of identify
 p - a scroll of blinking
 w - 2 scrolls of recharging
Potions
 d - 3 potions of curing
 e - a potion of heal wounds {unknown}
 k - a potion of degeneration {unknown}
 l - 2 potions of lignification {unknown}
 m - 3 potions of brilliance {unknown}
Comestibles
 c - a bread ration
 f - 2 meat rations
 i - 7 chunks of flesh


   Skills:
 + Level 4.0 Fighting
 + Level 3.3 Long Blades
   Level 0.1 Maces & Flails
 + Level 2.7 Armour
 + Level 2.0 Dodging
 + Level 0.2 Stealth


You had 3 spell levels left.
You didn't know any spells.

Dungeon Overview and Level Annotations

Branches:
Dungeon (4/15)
 Temple: D:4-7

Altars:
Ashenzari
Dithmenos
Fedhas
Nemelex Xobeh
Okawaru
Sif Muna
Xom


Innate Abilities, Weirdness & Mutations

You have a pair of small horns on your head.
You are slightly more attuned to the shadows.
You are immune to rotting.


Message History

Reactivating autopickup.
The shadow closely misses you.
The shadow slips into darkness.
The shadow flickers and vanishes!
Deactivating autopickup; reactivate with Ctrl-A.
The shadow slips into darkness.
The shadow flickers and vanishes!
The shadow strikes at you from the darkness!
Reactivating autopickup.
You barely miss the shadow.
The shadow strikes at you from the darkness!
* * * LOW HITPOINT WARNING * * *
The shadow hits you.
* * * LOW HITPOINT WARNING * * *
You barely miss the shadow.
You headbutt the shadow, but do no damage.
You hit the shadow.
The shadow is lightly damaged.
The shadow hits you!
You die...

......#.....#.......##.######.#
......#.....#....)..#....##...#
......#######.......#....##...#
.###..** #.......#....##...# .#
*,,,* #.......#....##...# .#
*,*,*****#.......#....##...# .#
*,,,,,,,,.....####....##...#
.#*****,*****#.#.####....##...#
..,,,**,,* #.#@#.....####)รท.#
,,,,,***,*####.#WW..#.........#
,,,,,***.##........##.#####...#
,,,,,,,,..............# #...# #
,,,,,***,*#.......)#####
###.####
,,,,,***,,####.####....#
#....... ,,,,,,,,........#
#....###.......
,*******#..###..#
#..[...........
,,,,***,.,,,,...#
####.###.......


You could see 2 shadows.

Vanquished Creatures
  5 adders
  An ooze (D:4)
  2 worms (D:2)
  3 dart slugs
  3 giant geckos
  An orc (D:3)
  3 ball pythons
  4 bats
  A giant cockroach (D:2)
  8 goblins
  8 hobgoblins
  5 jackals
  3 quokkas
  A giant gecko skeleton (D:3)
  3 giant newts
  7 kobolds
  7 rats
65 creatures vanquished.

Notes
Turn   | Place    | Note
--------------------------------------------------------------
     0 | D:1      | rakedos987 the Demonspawn Chaos Knight began the quest for the Orb.
     0 | D:1      | Reached XP level 1. HP: 18/18 MP: 1/1
    41 | D:1      | Reached skill level 1 in Dodging
    78 | D:1      | XOM: cast spell 'Call Canine Familiar'
   157 | D:1      | Gained mutation: You have a pair of small horns on your head. [demonic ancestry]
   157 | D:1      | Reached XP level 2. HP: 24/24 MP: 2/2
   456 | D:1      | XOM: divination: detect items
   592 | D:1      | XOM: severe Erth miscast
   862 | D:2      | Gained mutation: You are immune to rotting. [demonic ancestry]
   862 | D:2      | Reached XP level 3. HP: 29/29 MP: 3/3
   904 | D:2      | XOM: colour smoke trail
  1049 | D:2      | XOM: harmless Hex miscast
  1125 | D:2      | XOM: mild Chrm miscast
  1281 | D:2      | XOM: silly message
  1398 | D:2      | XOM: smoke on damage
  1709 | D:2      | Gained mutation: You are slightly more attuned to the shadows. [demonic ancestry]
  1709 | D:2      | Reached XP level 4. HP: 37/37 MP: 4/4
  1778 | D:2      | XOM: blink monster(s)
  1785 | D:2      | Reached skill level 4 in Fighting
  1893 | D:2      | XOM: scenery: create altars
  1897 | D:2      | XOM: summons 2 hostile shadow creatures
  2502 | D:3      | Found a sparkling altar of Nemelex Xobeh.
  2743 | D:3      | Found a shadowy altar of Dithmenos.
  2855 | D:3      | Found a shattered altar of Ashenzari.
  2867 | D:3      | Found an iron altar of Okawaru.
  2878 | D:3      | XOM: summons 2 hostile demons
  3339 | D:3      | Found a deep blue altar of Sif Muna.
  3564 | D:3      | XOM: harmless Necr miscast
  3758 | D:4      | Found a blossoming altar of Fedhas.
  3840 | D:4      | XOM: medium Necr miscast
  3841 | D:4      | Noticed a shadow
  3841 | D:4      | Noticed a shadow
  3850 | D:4      | Mangled by a shadow

Skill      XL: |  1  2  3  4 |
---------------+-------------+-----
Dodging        | 1 2 |  2.0
Armour         | 2 |  2.7
Long Blades    | 3 |  3.3
Fighting       | 4 |  4.0
Maces & Flails | |  0.1
Stealth        | |  0.2

Action                   |  1- 3 |  4- 6 || total
-------------------------+-------+-------++-------
Melee: Falchion          |    44 |    80 ||   124
       Headbutt          |     8 |    18 ||    26
       Club              |    54 |    45 ||    99
       Battleaxe         |       |     4 ||     4
 Fire: Hunting sling     |       |     1 ||     1
  Use: Scroll            |     3 |     3 ||     6
 Stab: Sleeping          |       |     3 ||     3
  Eat: Chunk             |     2 |     3 ||     5
       Meat ration       |       |     1 ||     1
       Beef jerky        |       |     1 ||     1
Armor: Leather armour    |    34 |    23 ||    57
       Ring mail         |       |    24 ||    24
Dodge: Dodged            |    68 |    87 ||   155
